 Dungeon Crawl Stone Soup version 0.32-a0-597-g8e3e136d6a (webtiles) character file.

Game seed: 8488882815427019521

7364 Sobieck the Arsonist (level 10, 0/69 HPs)
             Began as a Mountain Dwarf Fire Elementalist on Mar 2, 2024.
             Was a Follower of Vehumet.
             Slain by a death yak (22 damage)
             ... on level 1 of the Lair of Beasts.
             The game lasted 00:21:24 (9999 turns).

Sobieck the Arsonist (MDFE)                         Turns: 9999, Time: 00:21:24

Health: 0/69       AC: 11    Str: 11    XL:     10   Next: 91%
Magic:  24/28      EV: 11    Int: 28    God:    Vehumet [*.....]
Gold:   405        SH:  0    Dex: 12    Spells: 11/21 levels left

rFire   + . .        x - staff of conjuration
rCold   . . .        (no shield)
rNeg    + . .        w - +0 troll leather armour {Pargi}
rPois   .            M - +4 helmet "Daoh" {rF+ Will++}
rElec   .            j - +0 cloak
rCorr   .            B - +1 pair of gloves
SInv    .            (no boots)
Will    +++..        G - amulet of magic regeneration
Stlth   +            g - +6 ring of intelligence
HPRegen 1.11/turn    d - ring "Qorghuh" {rN+ MP+9 Int+2 Dex+2}
MPRegen 0.61/turn

%: no passive effects
@: invisible
A: runic magic, artefact enchanting
a: Renounce Religion


You were on level 1 of the Lair of Beasts.
You worshipped Vehumet.
Vehumet was aware of your devotion.
You visited 3 branches of the dungeon, and saw 12 of its levels.
You also visited: Sewer.

You collected 789 gold pieces.
You spent 384 gold pieces at shops.

Inventory:

Hand Weapons
 k - a +1 whip of venom
 J - the +3 long sword "Mask" {flame, rF- Str+3 Dex+2}
   (You found it on level 7 of the Dungeon)

   Str+3:     It affects your strength (+3).
   Dex+2:     It affects your dexterity (+2).
   rF-:       It makes you vulnerable to fire.
Armour
 a - a +0 robe
 f - a scarf of shadows
 i - an orb of mayhem
 j - a +0 cloak (worn)
 q - a +0 plate armour
 w - a +0 troll leather armour (worn) {Pargi}
 y - the +2 robe "Zewnek" {^Contam rC+ Int+2}
   (You took it off an orc on level 6 of the Dungeon)

   Int+2:     It affects your intelligence (+2).
   rC+:       It protects you from cold.
   ^Contam:   It causes magical contamination when unequipped.
 B - a +1 pair of gloves (worn)
 M - the +4 helmet "Daoh" (worn) {rF+ Will++}
   (You found it on level 8 of the Dungeon)

   rF+:       It protects you from fire.
   Will++:    It greatly increases your willpower.
Magical Staves
 e - a staff of cold
 h - a staff of fire
 x - a staff of conjuration (weapon)
Jewellery
 c - a ring of protection from cold
 d - the ring "Qorghuh" (right hand) {rN+ MP+9 Int+2 Dex+2}
   (You acquired it on level 4 of the Dungeon)

   [ring of positive energy]

   Int+2:     It affects your intelligence (+2).
   Dex+2:     It affects your dexterity (+2).
   rN+:       It protects you from negative energy.
   MP+9:      It affects your magic capacity (+9).
 g - a +6 ring of intelligence (left hand)
 s - a ring of see invisible
 G - an amulet of magic regeneration (around neck)
 L - a +6 ring of dexterity
Wands
 E - a wand of charming (2)
 H - a wand of quicksilver (9)
Scrolls
 l - a scroll of revelation
 u - a scroll of enchant armour
 v - 2 scrolls of enchant weapon
 A - a scroll of noise
 C - 4 scrolls of blinking
 D - 3 scrolls of fog
 I - 2 scrolls of torment
 O - a scroll of immolation
 R - 2 scrolls of identify
 T - 3 scrolls of teleportation
Potions
 b - a potion of cancellation {unknown}
 m - 2 potions of attraction
 n - 3 potions of might
 o - a potion of ambrosia {unknown}
 p - a potion of heal wounds {unknown}
 r - 3 potions of enlightenment
 t - a potion of invisibility
 z - 2 potions of brilliance {unknown}
 F - a potion of resistance {unknown}
 K - 2 potions of lignification {unknown}
 N - 4 potions of mutation
 Q - 7 potions of curing


   Skills:
 - Level 1.3 Dodging
 - Level 1.4 Stealth
 - Level 6.0 Spellcasting
 + Level 9.0 Conjurations
 * Level 14.5 Fire Magic


You had 11 spell levels left.
You knew the following spells:

 Your Spells              Type           Power      Damage    Failure   Level
a - Foxfire               Conj/Fire      100%       2x1d9     1%          1
b - Scorch                Fire           100%       2d9       1%          2
c - Flame Wave            Conj/Fire      84%        2d18      1%          4
d - Stone Arrow           Conj/Erth      100%       3d13      3%          3

Your spell library contained the following spells:

 Spells                   Type           Power      Damage    Failure   Level
 Kiss of Death            Conj/Necr      100%       2d13      1%          1
 Inner Flame              Hex/Fire       49%        N/A       1%          3
 Volatile Blastmotes      Fire/Tloc      98%        2d18      1%          3
 Ignite Poison            Fire/Alch      49%        N/A       3%          4
 Sticky Flame             Fire/Alch      49%        2d9       3%          4
 Sandblast                Erth           16%        2d6       6%          1
 Lesser Beckoning         Tloc           16%        N/A       10%         2
 Brom's Barrelling Bould  Conj/Erth      50%        2d7       10%         4
 Call Canine Familiar     Summ           8%         N/A       19%         3
 Gell's Gravitas          Tloc           8%         N/A       19%         3
 Passwall                 Erth           8%         N/A       19%         3
 Sigil of Binding         Hex            8%         N/A       19%         3
 Teleport Other           Tloc           8%         N/A       19%         3
 Animate Dead             Necr           8%         N/A       54%         4
 Dimensional Bullseye     Hex/Tloc       4%         N/A       54%         4
 Ignition                 Fire           37%        3d11      73%         8
 Borgnjor's Vile Clutch   Necr/Erth      4%         N/A       87%         5
 Death Channel            Necr           4%         N/A       100%        6


Dungeon Overview and Level Annotations

Branches:
Dungeon (10/15)            Temple (1/1) D:7            Lair (1/5) D:9
    Orc (0/2) D:9           Sewer (visited)

Altars:
Ashenzari
Cheibriados
Dithmenos
Elyvilon
Fedhas
Gozag
Hepliaklqana
Kikubaaqudgha
Makhleb
Nemelex Xobeh
Okawaru
Qazlal
Ru
Sif Muna
Trog
Uskayaw
Vehumet
Wu Jian
Xom
Yredelemnul
Zin
The Shining One

Shops:
D:5 :?[?(   D:9 [

Annotations:
D:4 1 runed translucent door, Crazy Yiuf
D:7 dig vault
D:9 2 transporters
D:10 Lodul, Sonja


Innate Abilities, Weirdness & Mutations

Your spellcasting is much less encumbered by armour.
You can use scrolls of enchantment on lesser artefacts.


Message History

The death yak gores you!
There is a staircase back to the Dungeon, spattered with blood here.
Danger!
Unknown command.
Unknown command.
Casting: Flame Wave (dangerous; 1% risk of failure)
Confirm with . or Enter, or press ? or * to list all spells.
You feel a surge of power!
A wave of flame ripples out!
The flame wave engulfs the death yak!
The death yak is lightly wounded.
The flame wave engulfs the plant!!
The plant begins to die.
The plant is lightly damaged.
The flame wave engulfs the death yak!
The death yak is lightly wounded.
The flame wave engulfs the death yak!
The death yak is lightly wounded. (Press . to intensify the flame waves.)
You hear an angry hiss.
The death yak closely misses you. The death yak gores you!
The death yak gores you!!
* * * LOW HITPOINT WARNING * * *
A wave of flame ripples out!
The flame wave engulfs the death yak!
The death yak is moderately wounded.
The flame wave engulfs the plant!!
The plant is moderately damaged.
The flame wave engulfs the death yak!!
The death yak is moderately wounded.
The flame wave engulfs the death yak.
The death yak is lightly wounded.
You hear an angry hiss.
The death yak barely misses you. The death yak gores you.
* * * LOW HITPOINT WARNING * * *
The death yak misses you.
A wave of flame ripples out!
The flame wave engulfs the death yak but does no damage.
The death yak is moderately wounded.
The flame wave engulfs the plant!!
The plant is moderately damaged.
The flame wave engulfs the death yak!
The death yak is heavily wounded.
The flame wave engulfs the death yak!!
The death yak is heavily wounded.
The flame wave engulfs the death yak!
The death yak is lightly wounded.
You finish channelling waves of flame.
The death yak gores you.
* * * LOW HITPOINT WARNING * * *
The death yak completely misses you.
The death yak gores you but does no damage.
The death yak gores you!!
You die...

#########. .
#.........
...###Y........
......YY....(..
.Y.###P@#.P##..
#.Y# ..# #...
... ..... ...
....... ..
.....###. #
##.##.# .# P.
#.. #


You could see 4 death yaks.

Vanquished Creatures
  A two-headed ogre (D:8)
  A death yak (D:9)
  Amaemon (D:8)
  An orange demon (D:8)
  A komodo dragon (D:9)
  A hornet (D:8)
  Sigmund (D:5)
  2 wyverns (D:9)
  6 yaks (D:9)
  A steam dragon (D:8)
  Menkaure (D:7)
  Edmund (D:4)
  3 orc warriors (D:9)
  A sky beast (D:7)
  Pargi (Sewer)
  4 ogres
  3 centaurs
  Blork the orc (D:6)
  A kobold brigand (D:9)
  A brain worm (Sewer)
  6 bullfrogs
  4 scorpions
  5 wights (D:4)
  3 killer bees (D:9)
  5 howler monkeys
  2 bombardier beetles
  A hound (D:6)
  2 orc priests
  2 sleepcaps
  Jessica (D:2)
  An iguana (D:5)
  7 orc wizards
  3 gnolls (D:2)
  11 adders
  A river rat (D:3)
  2 shadow imps (D:5)
  A white imp (D:6)
  4 ufetubi
  3 ribbon worms
  A dart slug (D:4)
  27 orcs
  13 ball pythons
  5 bats
  6 endoplasms
  4 giant cockroaches
  5 goblins
  8 hobgoblins
  8 quokkas
  5 frilled lizards
  13 kobolds
  13 rats
205 creatures vanquished.

Vanquished Creatures (collateral kills)
  7 foxfires
7 creatures vanquished.

Vanquished Creatures (others)
  788 foxfires
788 creatures vanquished.

Grand Total: 1000 creatures vanquished

Notes
Turn   | Place    | Note
-------+----------+-------------------------------------------
     0 | D:1      | Sobieck the Mountain Dwarf Fire Elementalist began the
                  | quest for the Orb.
     0 | D:1      | Reached XP level 1. HP: 14/14 MP: 3/3
   134 | D:1      | Reached skill level 1 in Conjurations
   355 | D:1      | Reached skill level 4 in Fire Magic
   355 | D:1      | Reached XP level 2. HP: 11/20 MP: 0/4
   706 | D:1      | Learned a level 2 spell: Scorch
  1232 | D:2      | Reached XP level 3. HP: 26/26 MP: 1/6
  1355 | D:2      | Noticed Jessica
  1363 | D:2      | Killed Jessica
  1364 | D:2      | Reached skill level 5 in Fire Magic
  1364 | D:2      | Reached XP level 4. HP: 30/33 MP: 2/7
  2486 | D:3      | Reached XP level 5. HP: 38/38 MP: 4/9
  2509 | D:3      | Found a glowing drain.
  2579 | Sewer    | Entered a sewer
  2670 | Sewer    | Reached skill level 6 in Fire Magic
  2778 | Sewer    | Noticed Pargi
  2783 | Sewer    | Killed Pargi
  2784 | Sewer    | Reached skill level 3 in Spellcasting
  2784 | Sewer    | Reached XP level 6. HP: 45/45 MP: 2/10
  3318 | D:3      | You fall into a shaft and drop 3 floors!
  3400 | D:6      | Reached skill level 3 in Conjurations
  3487 | D:6      | Identified the +2 robe "Zewnek" {^Contam rC+ Int+2}
  3701 | D:5      | Entered Level 5 of the Dungeon
  3767 | D:5      | Found Galiwn's Antique Weapon Boutique.
  3804 | D:5      | Reached skill level 7 in Fire Magic
  3808 | D:5      | Noticed Blork the orc
  3910 | D:6      | Killed Blork the orc
  3911 | D:6      | Reached XP level 7. HP: 43/50 MP: 3/12
  4262 | D:4      | Found a runed translucent door.
  4263 | D:4      | Noticed Crazy Yiuf
  4438 | D:4      | Identified a scroll of acquirement
  4438 | D:4      | Acquired the ring "Qorghuh" {rN+ MP+9 Int+2 Dex+2}
  4444 | D:4      | Reached skill level 8 in Fire Magic
  5076 | D:3      | Reached XP level 8. HP: 57/57 MP: 14/14
  5385 | D:4      | Noticed Edmund
  5394 | D:4      | Killed Edmund
  5623 | D:4      | Reached skill level 9 in Fire Magic
  5883 | D:5      | Noticed Sigmund
  5887 | D:5      | Killed Sigmund
  5931 | D:5      | Learned a level 4 spell: Flame Wave
  6034 | D:5      | Found Panula's Magic Scroll Emporium.
  6047 | D:5      | Bought a scroll of revelation for 75 gold pieces
  6047 | D:5      | Bought a scroll of noise for 10 gold pieces
  6047 | D:5      | Bought a scroll of blinking for 75 gold pieces
  6047 | D:5      | Bought a scroll of identify for 20 gold pieces
  6047 | D:5      | Bought a scroll of fog for 40 gold pieces
  6176 | D:5      | Found Qalud's Armour Emporium.
  6257 | D:5      | Reached skill level 10 in Fire Magic
  6407 | D:5      | Found Ruavvyr's Magic Scroll Emporium.
  6410 | D:5      | Bought a scroll of blinking for 82 gold pieces
  6410 | D:5      | Bought a scroll of blinking for 82 gold pieces
  6482 | D:5      | Found a sparkling altar of Nemelex Xobeh.
  6572 | D:5      | Found Luesinaa's Book Shop.
  7415 | D:7      | Reached XP level 9. HP: 60/62 MP: 17/17
  7501 | D:7      | Noticed Menkaure
  7513 | D:7      | Killed Menkaure
  7514 | D:7      | Reached skill level 6 in Conjurations
  7575 | D:7      | Reached skill level 6 in Spellcasting
  7595 | D:7      | Learned a level 3 spell: Stone Arrow
  7645 | D:7      | Identified the +3 long sword "Mask" {flame, rF- Str+3
                  | Dex+2}
  7702 | D:7      | Found a glowing silver altar of Zin.
  7710 | D:7      | Found a staircase to the Ecumenical Temple.
  7721 | Temple   | Entered the Ecumenical Temple
  7742 | Temple   | Became a worshipper of Vehumet
  7930 | D:8      | Noticed a two-headed ogre
  7938 | D:8      | Killed a two-headed ogre
  8014 | D:8      | Reached skill level 11 in Fire Magic
  8177 | D:8      | Identified the +4 helmet "Daoh" {rF+ Will++}
  8383 | D:8      | Found a broken altar of Ashenzari.
  8543 | D:8      | Noticed Amaemon
  8552 | D:8      | Noticed an orange demon
  8553 | D:8      | Killed Amaemon
  8554 | D:8      | Reached skill level 12 in Fire Magic
  8554 | D:8      | Reached XP level 10. HP: 69/69 MP: 15/19
  8560 | D:8      | Killed an orange demon
  8926 | D:9      | Reached * piety under Vehumet
  8926 | D:9      | Offered knowledge of Kiss of Death by Vehumet.
  8959 | D:9      | Found Ewun's Armour Shop.
  8959 | D:9      | Found a staircase to the Orcish Mines.
  8965 | D:9      | Reached skill level 13 in Fire Magic
  9142 | D:9      | Noticed a centaur warrior
  9143 | D:9      | Noticed a manticore
  9160 | D:9      | Noticed a manticore
  9161 | D:9      | Found a transporter.
  9162 | D:9      | Noticed a centaur warrior
  9164 | D:9      | Noticed a centaur warrior
  9164 | D:9      | Noticed a flayed ghost
  9190 | D:9      | Found a staircase to the Lair.
  9338 | D:9      | Reached skill level 14 in Fire Magic
  9479 | D:9      | Noticed an orc knight
  9482 | D:9      | Identified the +1 robe of the Earth {rC+ Will- Dex+2
                  | Stlth+}
  9484 | D:9      | Found a transporter.
  9607 | D:10     | Entered Level 10 of the Dungeon
  9828 | D:10     | Noticed Sonja
  9833 | D:10     | Noticed Lodul
  9952 | Lair:1   | Entered Level 1 of the Lair of Beasts
  9953 | Lair:1   | Noticed a death yak
  9955 | Lair:1   | Noticed a death yak
  9956 | Lair:1   | Noticed a death yak
  9956 | Lair:1   | Noticed a death yak
  9958 | Lair:1   | Noticed a death yak
  9967 | D:9      | Killed a death yak
  9968 | D:9      | Reached skill level 9 in Conjurations
  9999 | Lair:1   | Slain by a death yak

Illustrated notes

Levels and vault maps discovered:
D:1:      dpeg_arrival_arbitrary_c, layout_loops_ring
D:2:      layout_basic, feat_on_display, uniq_jessica
D:3:      layout_loops_corners, cheibrodos_sewer_entry_sluice
D:4:      layout_basic, grunt_ministairs_6, minmay_crossroads,
          uniq_crazy_yiuf_cottage, uniq_edmund
D:5:      layout_gridville, nemelex_xobeh_ov_fountains_minmay, serial_shops,
          shop, shop, shop_coins, nicolae_diamond_shop, nicolae_shop_rolled_up,
          serial_demonic, serial_demonic_g, serial_demonic_a, serial_demonic_c,
          serial_demonic_f, serial_demonic_a, uniq_blork_the_orc, uniq_sigmund
D:6:      wander_river, layout_basic, kennysheep_generic_room_15
D:7:      layout_basic, zin_treasury, minmay_temple_entry_purple_smoke,
          uniq_menkaure
D:8:      layout_basic, amcnicky_altar_gilded, nicolae_benzene_ring,
          uniq_amaemon
D:9:      gammafunk_sealed_arena, layout_irregular_city, david_lair_shrubbed,
          orc_david_3
D:10:     layout_roguey, kennysheep_generic_room_6, uniq_lodul, uniq_sonja
Temple:   hellmonk_temple_of_storms
Lair:1:   layout_gridlike, uniq_erica, uniq_gastronok

Skill      XL: |  1  2  3  4  5  6  7  8  9 10 |
---------------+-------------------------------+-----
Conjurations   | 1 2 3 4 5 7 9 |  9.0
Fire Magic     | 4 5 6 7 8 10 12 14 | 14.5
Spellcasting   | 2 3 4 5 6 |  6.0
Dodging        | |  1.3
Stealth        | |  1.4

Action                     |  1- 3 |  4- 6 |  7- 9 | 10-12 || total
---------------------------+-------+-------+-------+-------++-------
  Melee: Unarmed           |     8 |       |       |       ||     8
         Whip              |       |    16 |       |       ||    16
         Staff             |       |     9 |     4 |       ||    13
   Cast: Foxfire           |    55 |    97 |   216 |    84 ||   452
         Scorch            |       |    16 |    57 |    16 ||    89
         Flame Wave        |       |       |     1 |    11 ||    12
    Use: Scroll            |       |       |    13 |     4 ||    17
         Potion            |       |       |     1 |     1 ||     2
   Stab: Sleeping          |       |     1 |       |       ||     1
 Armour: Robe              |    18 |     6 |       |       ||    24
         Plate armour      |       |    23 |       |       ||    23
         Troll leather arm |       |    19 |    44 |    29 ||    92
  Dodge: Dodged            |    32 |    19 |    33 |    17 ||   101

Table legend: (Time is in decaauts)
 A = Elapsed time spent in this place.
 B = Non-inter-level travel time spent in this place.
 C = Inter-level travel time spent in this place.
 D = Time resting spent in this place.
 E = Time spent auto-exploring this place.
 F = Levels seen in this place.
 G = Mean time per level.
                   A        B        C        D        E       F      G
               +--------+--------+--------+--------+--------+-----+--------+
         Total |  10079 |   9766 |    313 |    686 |   7466 |  13 |  775.3 |
       Dungeon |   9618 |   9346 |    272 |    625 |   7217 |  10 |  961.8 |
        Temple |     42 |      1 |     41 |      0 |      0 |   1 |   42.0 |
          Lair |     14 |     14 |      0 |      0 |      0 |   1 |   14.0 |
         Sewer |    404 |    404 |      0 |     61 |    249 |   1 |  404.0 |
               +--------+--------+--------+--------+--------+-----+--------+

Top non-repeatable levels by time:
     D:4: 1411 daAuts
     D:2: 1198 daAuts
     D:6: 1192 daAuts
     D:3: 1094 daAuts
     D:1: 1060 daAuts
     D:5: 987 daAuts
     D:8: 946 daAuts
     D:9: 889 daAuts
     D:7: 580 daAuts
   Sewer: 404 daAuts
    D:10: 257 daAuts
  Temple: 42 daAuts
  Lair:1: 14 daAuts
